Cogmind - Beta 15 @@@ ROGUE MODE // 2025.05.28 @ 07:40:24 Player: kaj Result: Destroyed by S-10 Pest with Light Assault Rifle Performance ------------- Evolutions (0) 0 Regions Visited (2) 400 Robots Destroyed (13) 65 Value Destroyed (303) 303 Prototype IDs (0) 0 Alien Tech Used (0) 0 Bonus (0) 0 TOTAL SCORE: 768 Bonus ------- None Cogmind --------- Core Integrity 0/250 Matter 272/300 Energy 100/100 System Corruption 0% Temperature Cool (0) Movement Rolling (90) Location -10/Subcaves Parts ------- > --- POWER (1) -------- (None) > --- PROPULSION (2) --- Wheel Compact Wheel > --- UTILITY (2) ------ Small Storage Unit Signal Interpreter > --- WEAPON (2) ------- Light Assault Rifle Light Assault Rifle > --- INVENTORY (8) ---- Medium Matter Pod (100) Tractor Beam Subdweller Beam Cannon Light Assault Rifle Subdweller Machine Gun Scrap Shield Fragment (49) Scrap Shield Fragment (45) Peak State ------------ > --- POWER ------------ Subdweller Power Source > --- PROPULSION ------- Wheel Compact Wheel > --- UTILITY ---------- Small Storage Unit Signal Interpreter > --- WEAPON ----------- Subdweller Beam Cannon Light Assault Rifle > --- INVENTORY -------- Wheel Medium Matter Pod Tractor Beam Light Assault Rifle Light Assault Rifle Subdweller Machine Gun Scrap Shield Fragment Scrap Shield Fragment [Rating: 10] Favorites ----------- Power Ion Engine Engine Ion Engine Propulsion Wheel Treads Light Treads Leg Aluminum Leg Wheel Wheel Utility Small Storage Unit Storage Small Storage Unit Processor Signal Interpreter Weapon Light Assault Rifle Energy Gun Medium Laser Energy Cannon Subdweller Beam Cannon Ballistic Gun Light Assault Rifle Build | -11 -10 -10 ------- Run | Yrd Mat Sub Slots Evolved . | . . . Power . | . . . Propulsion . | . . . Utility . | . . . Weapon . | . . . Parts Attached 16 | 3 5 8 Power 2 | . . 2 Engine 2 | . . 2 Core . | . . . Reactor . | . . . Propulsion 5 | 2 1 2 Treads 1 | 1 . . Leg . | . . . Wheel 4 | 1 1 2 Hover . | . . . Flight . | . . . Utility 2 | . 2 . Device . | . . . Storage . | . . . Processor 2 | . 2 . Hackware . | . . . Protection . | . . . Artifact . | . . . Weapon 7 | 1 2 4 Energy Gun . | . . . Energy Cannon 2 | . . 2 Ballistic Gun 5 | 1 2 2 Ballistic Cannon . | . . . Launcher . | . . . Special Weapon . | . . . Impact Weapon . | . . . Slashing Weapon . | . . . Piercing Weapon . | . . . Special Melee Weapon . | . . . Unidentified Prototypes . | . . . Parts Lost 6 | . . 6 Power 3 | . . 3 Propulsion 2 | . . 2 Utility . | . . . Weapon 1 | . . 1 Highest Loss Streak 2 | . . 2 To Critical Strikes 1 | . . 1 Average Backups 6 | 6 6 6 Power . | 1 1 . Propulsion 2 | 4 3 1 Utility 1 | . 1 2 Weapon 1 | 1 . 2 Tool/Special . | . . . Unused Backups 4 | . 1 3 Power 1 | . 1 . Propulsion . | . . . Utility 2 | . . 2 Weapon 1 | . . 1 Tool/Special . | . . . Average Slot Usage (%) 96 | . 94 98 Engine 13 | . 14 13 Treads 3 | . 7 . Wheel 24 | . 20 27 Storage 14 | . 14 14 Processor 12 | . 9 14 Energy Gun 2 | . 5 . Energy Cannon 3 | . . 6 Ballistic Gun 21 | . 21 21 Peak Build Rating 10 | 6 8 10 Average Rating 7 | 5 7 8 On Entrance 6 | 6 6 7 Naked Turns . | . . . Heaviest Build 19 | 14 14 19 Greatest Support 26 | 10 26 26 Greatest Overweight (x) 1 | 1 1 . Average Overweight (x) . | 1 . . Largest Inventory Capacity 8 | 8 8 8 Average Capacity 8 | 8 8 8 Most Carried 8 | 6 8 8 Average Carried 7 | 4 6 7 Final Capacity 8 | 8 8 8 Final Carried 7 | 3 7 7 Class Distribution -------------------- 100% | Mutant Dominant Class ---------------- Mutant | -10/Materials Mutant | -10/Subcaves Resources | -11 -10 -10 ----------- Run | Yrd Mat Sub Matter Collected 538 | 191 214 133 Remotely . | . . . Salvage Created 391 | . 198 193 Parts 24 | . 15 9 Haulers Intercepted 1 | . 1 . Recyclers Shooed . | . . . Parts Field Recycled . | . . . Retrieved Matter . | . . . Parts Self-Destructed 11 | . . 11 Prevented . | . . . Kills | -11 -10 -10 ------- Run | Yrd Mat Sub Combat Hostiles Destroyed 10 | . 4 6 Guns 8 | . 4 4 Cannons 2 | . . 2 Classes Destroyed 5 | . 4 1 Hauler 1 | . 1 . Watcher 2 | . 2 . Swarmer 4 | . 2 2 Grunt 4 | . 2 2 Subdweller 2 | . . 2 Best Kill Streak 2 | . 2 2 Combat Bots Only 2 | . 2 2 Max Kills in Single Turn 1 | . 1 1 Gunslinging . | . . . Exploded . | . . . Melee . | . . . Uniques/NPCs Destroyed . | . . . Combat | -11 -10 -10 -------- Run | Yrd Mat Sub Hostile Shots Fired 102 | . 17 85 Missed 25 | . 2 23 Hits 77 | . 15 62 Projectile 77 | . 15 62 Critical Strikes 1 | . . 1 Damage Taken 906 | . 143 763 Core 257 | . 38 219 Absorbed by Shields . | . . . Core Remaining (%) 100 | 100 . . Volleys Fired 68 | . 15 53 Largest 2 | . 2 2 Hottest 100 | . 70 100 Shots Fired 124 | . 30 94 Gun 97 | . 30 67 Cannon 27 | . . 27 Launcher . | . . . Special . | . . . Kinetic 92 | . 25 67 Thermal 32 | . 5 27 Explosive . | . . . Electromagnetic . | . . . Robot Hit Streak 10 | . 7 10 Robot Miss Streak 3 | . 3 3 Penetration Max . | . . . Secondary Targets 1 | . . 1 Max Gunslinging Chain 1 | . . 1 Shots Hit Robots 66 | . 19 47 Core Hits 25 | . 10 15 Critical Kills 1 | . . 1 Critical Parts Destroyed . | . . . Critical Strikes 1 | . . 1 Destroy 1 | . . 1 Melee Attacks . | . . . Impact . | . . . Slashing . | . . . Piercing . | . . . Sneak Attacks . | . . . Combat Hostiles . | . . . Follow-up Attacks . | . . . Damage Inflicted 811 | . 207 604 Guns 504 | . 207 297 Cannons 307 | . . 307 Explosions . | . . . Melee . | . . . Ramming . | . . . Kinetic 454 | . 157 297 Thermal 357 | . 50 307 Explosive . | . . . Electromagnetic . | . . . Impact . | . . . Slashing . | . . . Piercing . | . . . Highest Corruption . | . . . Average Corruption . | . . . Corruption Purged . | . . . Corruption Blocked . | . . . Overload Shots . | . . . Overflow Damage . | . . . Projectiles . | . . . Explosions . | . . . Melee . | . . . Knockbacks . | . . . Impact . | . . . Kinetic . | . . . Secondary . | . . . Self-Inflicted Damage . | . . . Shots . | . . . Rammed . | . . . Targets Rammed . | . . . Kicked . | . . . Crushed . | . . . Highest Temperature 40 | . 36 40 Average Temperature 16 | . 13 18 Received Heat Transfer 207 | . 48 159 Siege Activations . | . . . Martial Activations . | . . . Shielding Activations . | . . . Robots Disrupted . | . . . Combat Hostiles . | . . . Robots Corrupted . | . . . Combat Hostiles . | . . . Parts Fried . | . . . Impact Corruptions . | . . . Robots Melted . | . . . Combat Hostiles . | . . . Parts Melted . | . . . Heat Transferred 555 | . 148 407 Parts Sabotaged . | . . . Parts Stolen . | . . . Parts Stripped . | . . . Power Chain Reactions . | . . . Alert | -11 -10 -10 ------- Run | Yrd Mat Sub Maximum Alert Level . | . . . Low Security (%) 100 | 100 100 . Level 1 . | . . . Level 2 . | . . . Level 3 . | . . . Level 4 . | . . . Level 5 . | . . . High Security . | . . . Max Security . | . . . Peak Influence 60 | . 60 . Initial . | . . . Average 16 | . 16 . Influence Increases 285 | . 150 135 Destroy 0b10 Robot/C 160 | . 80 80 Destroy 0b10 Robot/NC 15 | . 15 . Destroy Leader 46 | . 36 10 Successful Hack 4 | . 4 . Partial Spotted 15 | . 15 . Lose Combat Pursuer 45 | . . 45 Influence Decreases 236 | . 110 126 Entered New Map 20 | . . 20 Time Decay 196 | . 110 86 Lost Part 20 | . . 20 Squads Dispatched 2 | . 2 . Investigation 1 | . 1 . Extermination . | . . . Reinforcement 1 | . 1 . Assault . | . . . Garrison . | . . . Intercept . | . . . Searches Triggered . | . . . Construction Impeded . | . . . Haulers Reinforced . | . . . Active Scanning Responses . | . . . Cargo Convoy Interrupts . | . . . Stealth | -11 -10 -10 --------- Run | Yrd Mat Sub Distress Signals 1 | . 1 . Communications Jammed . | . . . Distress Signals . | . . . Times Spotted 19 | . 8 11 Peak Tracking Total 6 | . 4 6 Tactical Retreats 1 | . . 1 Traps | -11 -10 -10 ------- Run | Yrd Mat Sub Traps Triggered . | . . . Indirectly . | . . . Trap Hack Attempts . | . . . Triggered . | . . . Disarmed . | . . . Reprogrammed . | . . . Reused . | . . . Traps Extracted . | . . . Installed . | . . . Triggered . | . . . Machines | -11 -10 -10 ---------- Run | Yrd Mat Sub Machines Disabled . | . . . Max in Single Turn . | . . . Machines Repaired . | . . . Machines Dismantled . | . . . Machines Sabotaged . | . . . Overloaded Fab Kills . | . . . Hacking | -11 -10 -10 --------- Run | Yrd Mat Sub Machines Accessed 5 | . 4 1 Terminals 4 | . 4 . Fabricators . | . . . Repair Stations . | . . . Recycling Units . | . . . Scanalyzers . | . . . Garrison Access . | . . . Total Hacks 17 | . 13 4 Successful 8 | . 4 4 Failed 9 | . 9 . Catastrophic 1 | . 1 . Database Lockouts . | . . . Manual 12 | . 12 . Terminals 13 | . 13 . Fabricators . | . . . Repair Stations . | . . . Recycling Units . | . . . Scanalyzers . | . . . Garrison Access . | . . . Terminal Hacks 6 | . 2 4 Record 4 | . . 4 Robot Analysis 1 | . 1 . Investigation Status 1 | . 1 . Fabricator Hacks . | . . . Repair Station Hacks . | . . . Recycling Unit Hacks . | . . . Scanalyzer . | . . . Garrison Access Hacks . | . . . Unauthorized Hacks 2 | . 2 . Terminals 2 | . 2 . Botnet 2 | . 2 . Fabricators . | . . . Repair Stations . | . . . Recycling Units . | . . . Scanalyzers . | . . . Garrison Access . | . . . Data Cores Recovered . | . . . Used . | . . . Hacking Detections 4 | . 4 . Full Trace Events 1 | . 1 . Feedback Events . | . . . Feedback Blocked . | . . . Robot Schematics Acquired . | . . . Robots Built . | . . . Authchips . | . . . Time . | . . . Total Robot Build Rating . | . . . Part Schematics Acquired . | . . . Parts Built . | . . . Authchips . | . . . Time . | . . . Total Part Build Rating . | . . . Parts Repaired . | . . . Time . | . . . Parts Recycled . | . . . Recycled Matter . | . . . Retrieved Matter . | . . . Retrieved Components . | . . . Parts Scanalyzed . | . . . Part Schematics Acquired . | . . . Parts Damaged . | . . . Bothacking | -11 -10 -10 ------------ Run | Yrd Mat Sub Used RIF Installer . | . . . Robots Hacked . | . . . Non-combat . | . . . Combat . | . . . Robot Hacks Applied . | . . . Relay Couplers Released . | . . . Fabnet Peak Effective % . | . . . Robots Rewired . | . . . Allies Hacked . | . . . Hacks Repelled . | . . . Allies | -11 -10 -10 -------- Run | Yrd Mat Sub Total Allies . | . . . Largest Group . | . . . Highest-Rated Group . | . . . Highest-Rated Ally . | . . . Total Orders . | . . . Ally Attacks . | . . . Total Damage . | . . . Kills . | . . . Allies Corrupted . | . . . Allies Melted . | . . . Intel | -11 -10 -10 ------- Run | Yrd Mat Sub Active Infowar (turns) 273 | . 273 . Optics 273 | . 273 . Robot Analysis Total 1 | . 1 . Derelict Logs Recovered 2 | . . 2 Drone Launches . | . . . Drone Recoveries . | . . . Exploration | -11 -10 -10 ------------- Run | Yrd Mat Sub Turns Passed 854 | 5 372 477 Spaces Moved 664 | 1 306 357 Core . | . . . Treads . | . . . Legs . | . . . Wheels 664 | 1 306 357 Hover . | . . . Flight . | . . . Fastest Speed 90 | 95 90 90 Average Speed 91 | 95 92 90 Slowest Speed 95 | 95 95 90 Overloaded Moves . | . . . Propulsion Burnouts . | . . . Robots Hopped . | . . . Potential Cave-ins . | . . . Cave-ins Triggered . | . . . Exploration Rate (%) 25 | 1 56 18 Regions Visited 2 Branch Regions 1 Pre-discovered Areas 1 | . . 1 Known Exits Taken 1 | . 1 . Unknown Exits Taken 1 | 1 . . Scrap Searched . | . . . Spaces Dug . | . . . Terrain Destroyed 1 | . . 1 Melee . | . . . Projectile 1 | . . 1 AOE . | . . . Terrain Rammed . | . . . Walls Destroyed . | . . . Machines Disabled . | . . . Actions | -11 -10 -10 --------- Run | Yrd Mat Sub Total 804 | 6 367 431 Wait 34 | . 27 7 Move 662 | . 305 357 Hop . | . . . Pick Up 14 | . 9 5 Fast Attach 2 | . 2 . Attach 11 | 3 3 5 Detach . | . . . Swap 3 | . . 3 Drop 10 | 3 6 1 Fire 68 | . 15 53 Melee . | . . . Ram . | . . . Kick . | . . . Crush . | . . . Escape Stasis . | . . . Rewire . | . . . Trap . | . . . Miscellaneous . | . . . Route ------- -11/Scrapyard -10/Materials (discovered 3 exits: [*Mat] / [*Min] / *Sub) -10/Subcaves History --------- Turn | Location | Event 6 | -11/Scrapyard | Discovered new exit (range 0) 6 | -11/Scrapyard | Entered Materials 91 | -10/Materials | Discovered new exit (range 6) 233 | -10/Materials | Discovered new exit (range 14) 301 | -10/Materials | Build established: Mutant 364 | -10/Materials | Discovered new exit (range 10) 376 | -10/Materials | Identified exit to Subcaves 378 | -10/Materials | Entered Subcaves 379 | -10/Subcaves | Approached by a straggling Scientist 381 | -10/Subcaves | Learned 2 Materials zone layouts 444 | -10/Subcaves | Core integrity fell below 50% 784 | -10/Subcaves | Shifting Twisted Machinery released Shrapnel Trap 787 | -10/Subcaves | Shifting Twisted Machinery released Sub. Beam Cannon 787 | -10/Subcaves | Visited Clippyterm 789 | -10/Subcaves | Learned Factory trap positions 789 | -10/Subcaves | Learned Factory emergency access door positions 809 | -10/Subcaves | Learned location of Storage (-7) 824 | -10/Subcaves | Core integrity fell below 20% 855 | -10/Subcaves | Destroyed by S-10 Pest with Light Assault Rifle Last Messages --------------- 00795_ Dropped Sub. Beam Cannon. 00809_ Acquired derelict log, extracted data. World map updated: -7/Storage. 00813_ Acquired 10 matter. 00814_ S-10 Pest springs to life. 00815_ Acquired 1 matter. 00817_ S-10 Pest destroyed. 00818_ Acquired 1 matter. 00820_ Destroyed Autobeam. 00821_ Acquired 1 matter. 00822_ Flight Unit fries itself beyond repair. 00823_ Acquired 1 matter. 00825_ Subatomizers dissect the Wheel. 00826_ Lgt. Assault Rifle fries itself beyond repair. 00834_ Critical hit (Destroy). 00834_ Sub. Power Source destroyed. S0-PKI(c): "I think it's somewhere south of here" 00839_ S-10 Pest destroyed. 00843_ Wheel destroyed. 00850_ S-10 Pest destroyed. Map ----- +----------------------------------------------------+ | ## ##??# ### #??? ????????????????? | | ##???# ### ##?? ????????????????? | | ##????## ##?# #?# #????????????????? | | ####??????####???## #### ## #????????????????? | | ??????????????????##### ## #?????????????????? | | ???????????????????## ##????????????????? | | ??????????????###### #????????????????? | | ??????????????#"""### "" #### #????????????????? | | ??????????????#"" ## " ##?????????????????????? | | ??????????????#"X " ###??????????????????????? | | ??????????????#"" ## &"##???????????????????????? | | ??????????????#"""## ]"""##??????????????????????? | | ??????????????####### ##?????????????????????? | | ???????????????????## #?????????????????????? | | ???????????????????# #?????????????????????? | | ???????????????????# #####?????????????????????? | | ??????????????????## #????????????????????????? | | ?????????####?????# ##????????????????????????? | | ??????#### ##????### #????????????????????????? | | ?????## ##????# #????????????????????????? | | ###?## #????# ##????????????????????????? | | " #?# ####????# #????????????????????????? | | " #?## ##???????# ###???????????????????????? | | & ##?## ####?????# ######??????????????????? | | "#??# ##????## =s #??????????????????? | | " #### #?????## @# #??????????????????? | | " ## ##??????###### #??????????????????? | | ## ##???????????## ##??????????????????? | | #### #????????????# =%#??????????????????? | | ##??###??????????# |#??????????????????? | | # #???????????????#" ##??????????????????? | | # ##????????????? [%* ##???????????????????? | | # #??????????? = ##????????????????????? | | ## #??????????"" ??????????????????????? | | ?#####??????????" #####??????????????????????? | | ????????????????" ???????????????????????????? | | ????????????????""" ????????????????????????????? | | ??????????????????##?????????????????????????????? | | ?????????????????????????????????????????????????? | | ?????????????????????????????????????????????????? | | ?????????????????????????????????????????????????? | | ?????????????????????????????????????????????????? | | ?????????????????????????????????????????????????? | | ?????????????????????????????????????????????????? | | ?????????????????????????????????????????????????? | | ?????????????????????????????????????????????????? | | ?????????????????????????????????????????????????? | | ?????????????????????????????????????????????????? | | ?????????????????????????????????????????????????? | | ?????????????????????????????????????????????????? | +----------------------------------------------------+ Best States ------------- Heat Dissipation 25 Energy Generation 15 Energy Capacity 250 Matter Stores 300 Matter Capacity 300 Sight Range 18 Terrain Scan Density 10 Evasion (%) 42 Item Schematics ----------------- None Robot Schematics ------------------ None Fabricated ------------ Nothing Repaired ---------- Nothing Alien Tech Used ----------------- None Achievements -------------- None Challenges ------------ None Game ------ Seed ShiftPlexusCharge Manual? 0 Play Time 00:11:49 Cumulative 181.3 hours Start 2025.05.28 @ 07:29:53 End 2025.05.28 @ 07:40:24 Sessions 1 Manual Loads 0 Difficulty Rogue Special Mode None Game No. 284 Rogue 284 Adventurer 0 Explorer 0 Win Type - Total 0 Types 0/0/0/0/0/0/0/0/0/0 Lore% 30 Gallery% 52 Achievement% 45 Wizard Run 0 Options --------- Layout 0 ASCII 0 Keyboard 0 Movement Mouse Keybinds 1 Fullscreen 2 Font 18/Terminus Map View 76x50 Zoom Use 0% Tactical HUD 1 Map Filters SATURATION(75) Filters LOW_CONTRAST(23,23,23) Steam 1 RUN: 5fc0b38d-87d8-4f90-aea8-fb9b88f082b7